 Dungeon Crawl Stone Soup version 0.28.0-53-g5a82cb258f (webtiles) character file.

Game seed: 18389730679773409547

86 DemonSlayer the Firebug (level 4, -3/30 HPs)
             Began as a Demonspawn Fire Elementalist on July 30, 2022.
             Slain by a scorpion (6 damage)
             ... on level 5 of the Dungeon.
             The game lasted 00:06:41 (2869 turns).

DemonSlayer the Firebug (DsFE)                      Turns: 2869, Time: 00:06:42

Health: -3/30      AC:  9    Str:  9    XL:     4   Next: 26%
Magic:  3/7        EV: 12    Int: 18    God:
Gold:   110        SH:  0    Dex: 13    Spells: 2/8 levels left

rFire   . . .      SeeInvis .   l - +0 mace
rCold   . . .      Faith    .   (no shield)
rNeg    . . .      Spirit   .   a - +0 robe
rPois   .          Reflect  .   (no helmet)
rElec   .          Harm     .   (no cloak)
rCorr   .          Rampage  .   (no gloves)
Will    .....                   i - +0 pair of boots
Stlth   ++........              (no amulet)
HPRegen 0.10/turn               m - ring of flight
MPRegen 0.10/turn               (no ring)

@: mighty, sanguine armoured, flying
A: powered by death 1, sanguine armour 1
a: no special abilities


You were on level 5 of the Dungeon.
You visited 1 branch of the dungeon, and saw 5 of its levels.

You collected 110 gold pieces.

Inventory:

Hand Weapons
 f - a +0 dagger
 l - a +0 mace (weapon)
Missiles
 j - 14 sling bullets
Armour
 a - a +0 robe (worn)
 i - a +0 pair of boots (worn)
Jewellery
 m - a ring of flight (left hand)
Scrolls
 b - a scroll of identify
 d - a scroll of amnesia


   Skills:
 + Level 2.0 Dodging
 + Level 2.1 Stealth
 + Level 0.2 Unarmed Combat
 + Level 2.5 Spellcasting
 + Level 2.0 Conjurations
 + Level 3.5 Fire Magic


You had 2 spell levels left.
You knew the following spells:

 Your Spells              Type           Power      Damage    Failure   Level
a - Foxfire               Conj/Fire      48%        2x1d6     5%          1
b - Scorch                Fire           30%        2d6       6%          2
c - Conjure Flame         Conj/Fire      12%        6-21      16%         3

Your spell library contained the following spells:

 Spells                   Type           Power      Damage    Failure   Level
 Inner Flame              Hex/Fire       8%         N/A       26%         3
 Flame Wave               Conj/Fire      12%        2d6       47%         4


Dungeon Overview and Level Annotations

Branches:
Dungeon (5/15)
 Temple: D:4-7

Altars:
Yredelemnul

Annotations:
D:3 Grinder
D:4 Menkaure, Sigmund
D:5 Eustachio


Innate Abilities, Weirdness & Mutations

You regenerate a little health from kills.
When seriously injured, your blood forms armour. (AC +6)


Message History

The adder barely misses you.
You miss the adder. The adder bites you but does no damage.
The adder barely misses you.
Flames lash the scorpion.
The scorpion is moderately wounded.
The scorpion's fire resistance burns away.
The adder bites you but does no damage.
An iguana comes into view.
You barely miss the adder.
The scorpion stings you but does no damage.
The adder misses you. The scorpion stings you. The adder completely misses you.
You miss the adder.
The scorpion is no longer more vulnerable to fire.
The adder bites you but does no damage. The scorpion barely misses you.
The adder bites you but does no damage.
The scorpion stings you but does no damage.
You sock the adder! Your punch misses the adder.
The adder is heavily wounded.
The adder closely misses you. The scorpion stings you.
* * * LOW HITPOINT WARNING * * *
The adder closely misses you. The scorpion misses you.
The scorpion barely misses you. The adder barely misses you.
Found 6 gold pieces.
The adder closely misses you. The adder barely misses you.
An orc comes into view. It is wielding a +0 trident.
Found 16 stones.
The orc shouts!
The adder bites you.
* * * LOW HITPOINT WARNING * * *
A necrophage comes into view.
The orc hits you but does no damage. The adder bites you but does no damage.
The scorpion stings you.
* * * LOW HITPOINT WARNING * * *
The adder closely misses you. The orc closely misses you.
Found an escape hatch in the floor.
The scorpion stings you.
You die...

#..#... # #########
#....###.## ........##
##......... .>.......##
##..<....##
..........###...........
.................##.....
..........#....### ##..
.............### .. .
...$...@....## ...
........s..## ##..#
........#S## ##....# #
#########.####..##.#.#
#.o..n....(...
#..#ol........
##.##♣≈........
#...l≈♣≈.......
####.P≈≈.######


You could see a scorpion, an adder and an orc.

Vanquished Creatures
  An orc priest (D:3)
  An adder (D:3)
  A worm (D:2)
  A dart slug (D:1)
  4 orcs (D:3)
  3 ball pythons
  5 endoplasms
  A giant cockroach (D:1)
  3 goblins (D:1)
  3 hobgoblins (D:1)
  2 jackals (D:2)
  2 quokkas
  A bat (D:1)
  3 kobolds
  6 rats
37 creatures vanquished.

Vanquished Creatures (collateral kills)
  A foxfire (D:1)
1 creature vanquished.

Vanquished Creatures (others)
  151 foxfires
  2 plants (D:1)
153 creatures vanquished.

Grand Total: 191 creatures vanquished

Notes
Turn   | Place    | Note
-------+----------+-------------------------------------------
     0 | D:1      | DemonSlayer the Demonspawn Fire Elementalist began the
                  | quest for the Orb.
     0 | D:1      | Reached XP level 1. HP: 13/13 MP: 3/3
   378 | D:1      | Reached skill level 3 in Fire Magic
   489 | D:1      | Gained mutation: When seriously injured, your blood forms
                  | armour. (AC +6) [demonic ancestry]
   489 | D:1      | Reached XP level 2. HP: 16/19 MP: 1/5
   492 | D:1      | Learned a level 2 spell: Scorch
  1901 | D:2      | Gained mutation: You regenerate a little health from kills.
                  | [demonic ancestry]
  1901 | D:2      | Reached XP level 3. HP: 24/24 MP: 0/6
  2127 | D:2      | Found a basalt altar of Yredelemnul.
  2328 | D:2      | Learned a level 3 spell: Conjure Flame
  2451 | D:3      | Reached XP level 4. HP: 29/30 MP: 1/7
  2785 | D:3      | Noticed Grinder
  2827 | D:4      | Noticed Menkaure
  2831 | D:4      | Noticed Sigmund
  2838 | D:5      | Entered Level 5 of the Dungeon
  2838 | D:5      | Noticed Eustachio
  2840 | D:5      | Noticed a scorpion
  2859 | D:5      | Noticed a necrophage
  2869 | D:5      | Slain by a scorpion

Illustrated notes

Levels and vault maps discovered:
D:1:      denvon_arrival_planthouse, layout_loops_ring
D:2:      layout_rooms, basic_altar
D:3:      layout_loops_cross, uniq_grinder
D:4:      layout_cave_pools, minmay_temple_entry_poolview, serial_shops,
          kennysheep_mini_moat, serial_bayou_pond_b, uniq_ijyb, uniq_menkaure,
          uniq_sigmund
D:5:      layout_rooms, vehumet_crystals, ebering_ghost_disaster_area,
          serial_bayou_pond_e, minmay_shop_grid_forest, uniq_eustachio

Skill      XL: |  1  2  3  4 |
---------------+-------------+-----
Fire Magic     | 3 |  3.5
Stealth        | 2 |  2.1
Dodging        | 2 |  2.0
Conjurations   | 2 |  2.0
Unarmed Combat | |  0.2
Spellcasting   | |  2.5

Action                   |  1- 3 |  4- 6 || total
-------------------------+-------+-------++-------
Melee: Unarmed           |     4 |       ||     4
       Dagger            |    16 |       ||    16
       Mace              |     5 |    27 ||    32
 Cast: Foxfire           |    96 |     2 ||    98
       Scorch            |       |     9 ||     9
  Use: Scroll            |     5 |       ||     5
       Potion            |       |     2 ||     2
Armor: Robe              |    11 |    27 ||    38
Dodge: Dodged            |    27 |    36 ||    63
